 Dungeon Crawl Stone Soup version 0.31.0-32-g396128a36d (webtiles) character file.

Game seed: 13729781323529273224

47 PaiMei the Grave Robber (level 3, -2/25 HPs)
             Began as a Demonspawn Necromancer on Apr 11, 2024.
             Slain by Terence
             ... wielding a +0 short sword
              (3 damage)
             ... on level 2 of the Dungeon.
             The game lasted 00:03:16 (1978 turns).

PaiMei the Grave Robber (Demonspawn Necromancer)    Turns: 1978, Time: 00:03:16

Health: -2/25      AC:  2    Str:  8    XL:     3   Next: 48%
Magic:  2/6        EV: 12    Int: 17    God:
Gold:   64         SH:  0    Dex: 13    Spells: 5/6 levels left

rFire   . . .        e - +0 club
rCold   . . .        (no shield)
rNeg    . . .        a - +0 robe
rPois   .            (no helmet)
rElec   .            (no cloak)
rCorr   .            (no gloves)
SInv    .            (no boots)
Will    .....        (no amulet)
Stlth   ++           (no ring)
HPRegen 0.24/turn    (no ring)
MPRegen 0.10/turn

%: no passive effects
@: no status effects
A: ignite blood 1, spiny 1
a: no special abilities


You were on level 2 of the Dungeon.
You visited 1 branch of the dungeon, and saw 2 of its levels.

You collected 64 gold pieces.

Inventory:

Hand Weapons
 e - a +0 club (weapon)
Armour
 a - a +0 robe (worn)
Scrolls
 f - a scroll of identify {unknown}
 g - a scroll of fear {unknown}
Potions
 b - a potion of magic
 c - 3 potions of heal wounds {unknown}
 d - a potion of attraction {unknown}
 h - a potion of curing {unknown}
 i - a potion of brilliance {unknown}


   Skills:
 + Level 0.9 Fighting
 + Level 2.3 Dodging
 - Level 2.0 Stealth
 + Level 2.4 Spellcasting
 + Level 4.8 Necromancy


You had 5 spell levels left.
You knew the following spells:

 Your Spells              Type           Power      Damage    Failure   Level
a - Necrotise             Necr           72%        1d7       2%          1

Your spell library contained the following spells:

 Spells                   Type           Power      Damage    Failure   Level
 Vampiric Draining        Necr           18%        2d7       8%          3
 Animate Dead             Necr           18%        N/A       26%         4
 Hailstorm                Conj/Ice       2%         3d5       50%         3
 Summon Ice Beast         Ice/Summ       2%         N/A       50%         3
 Curse of Agony           Necr           18%        N/A       56%         5
 Sculpt Simulacrum        Ice/Alch       1%         N/A       100%        6


Dungeon Overview and Level Annotations

Branches:
Dungeon (2/15)

Altars:

Shops:
D:1 *   D:2 (

Annotations:
D:2 Jessica, Terence


Innate Abilities, Weirdness & Mutations

Your demonic aura sometimes causes spilled blood to erupt in flames.
You are partially covered in sharp spines.


Message History

Aim: Terence, wielding a +0 short sword and wearing a +0 scale mail (moderately wounded, ally target, chance to affect: 83%) Terence writhes in agony.
A hobgoblin comes into view.
Your rat skeleton bites Terence but does no damage.
Casting: Necrotise (safe; 2% risk of failure)
Confirm with . or Enter, or press ? or * to list all spells.
Aiming: Necrotise (safe; 2% risk of failure)
Press: ? - help, Shift-Dir - straight line, f/p - Terence
Aim: Terence, wielding a +0 short sword and wearing a +0 scale mail (moderately wounded, ally target, chance to affect: 83%) Terence barely resists.
Your rat skeleton crumbles into dust!
Jessica the Apprentice Sorceress comes into view.
She is wielding a +0 club.
Terence closely misses you.
Casting: Necrotise (safe; 2% risk of failure)
Confirm with . or Enter, or press ? or * to list all spells.
Aiming: Necrotise (safe; 2% risk of failure)
Press: ? - help, Shift-Dir - straight line, f/p - Terence
Aim: Terence, wielding a +0 short sword and wearing a +0 scale mail (moderately wounded, chance to affect: 83%) Terence barely resists.
Jessica shouts!
Terence hits you with a +0 short sword. Terence attacks as he pursues you!
Terence is struck by your spines. Terence hits you with a +0 short sword.
Terence bares his teeth.
Terence attacks as he pursues you! Terence misses you.
Terence attacks as he pursues you! Terence hits you with a +0 short sword.
Terence attacks as he pursues you! Terence is struck by your spines.
Terence hits you with a +0 short sword. Terence attacks as he pursues you!
Terence hits you with a +0 short sword.
* * * LOW HITPOINT WARNING * * *
Terence attacks as he pursues you! Terence barely misses you.
Terence attacks as he pursues you! Terence hits you with a +0 short sword.
* * * LOW HITPOINT WARNING * * *
You see here a +0 club.
Terence says, "You're history."
Terence attacks as he pursues you! Terence hits you with a +0 short sword.
* * * LOW HITPOINT WARNING * * *
Terence attacks as he pursues you! Terence hits you with a +0 short sword.
You die...
Terence says, "Time to find some more victims." ....# #....# #..####PPPPP# ....# #....# #..# #PPPPP#

....#######....# #)##
##PPP##
....#..........# #)#
##P## ###.......)..#
#.# #_# #.....@..>...#
#.# #
#...........####.# #
#...........##...# #
#.........).##@#####
###........g.g.@.....#
.#.............#####.#
...............#
##....##.####..#
.......#.# ......
.........# #...#.##
.........#.....#.#
...........#...# #


You could see Terence and 2 hobgoblins.

Vanquished Creatures
  Robin (D:2)
  A ball python (D:1)
  4 bats (D:1)
  4 endoplasms
  10 goblins
  4 hobgoblins
  A quokka (D:1)
  3 kobolds
  A rat (D:2)
29 creatures vanquished.

Vanquished Creatures (collateral kills)
  2 goblins
2 creatures vanquished.

Grand Total: 31 creatures vanquished

Notes
Turn   | Place    | Note
-------+----------+-------------------------------------------
     0 | D:1      | PaiMei the Demonspawn Necromancer began the quest for the
                  | Orb.
     0 | D:1      | Reached XP level 1. HP: 13/13 MP: 3/3
   175 | D:1      | Found Libluczo's Assorted Antiques.
   371 | D:1      | Gained mutation: You are partially covered in sharp spines.
                  | [demonic ancestry]
   371 | D:1      | Reached XP level 2. HP: 19/19 MP: 0/5
   946 | D:2      | Found Catafol's Antique Weapon Shop.
   973 | D:2      | Found a faded altar of an unknown god.
  1207 | D:2      | Noticed Robin
  1223 | D:2      | Gained mutation: Your demonic aura sometimes causes spilled
                  | blood to erupt in flames. [demonic ancestry]
  1223 | D:2      | Reached XP level 3. HP: 22/25 MP: 4/6
  1545 | D:2      | Killed Robin
  1949 | D:2      | Noticed Terence
  1955 | D:2      | Noticed Jessica
  1972 | D:2      | HP: 1/25 [Terence/+0 short sword (6)]
  1977 | D:2      | HP: 1/25 [Terence/+0 short sword (1)]
  1978 | D:2      | Slain by Terence

Illustrated notes

Levels and vault maps discovered:
D:1:      elethiomel_arrival_maze, layout_rooms, serial_shops, shop
D:2:      layout_basic, serial_shops, shop_statue, nicolae_shop_window_shopping,
          shapermc_ecumenical_altar_flowoftime, roderic_roman_lattice,
          uniq_robin, uniq_jessica, uniq_terence

Skill      XL: |  1 |
---------------+----+-----
Stealth        | 2 |  2.0
Dodging        | 2 |  2.3
Fighting       | |  0.9
Spellcasting   | |  2.4
Necromancy     | |  4.8

Action                     || total
---------------------------++-------
  Melee: Club              ||    31
   Cast: Necrotise         ||    40
 Armour: Robe              ||    27
  Dodge: Dodged            ||    25
